Drummondville Voltigeurs vs Worcester Sharks

Created - 22 février 2018 at 20:10

Goals
1 2 3 T
Drummondville Voltigeurs 0 1 2 3
Worcester Sharks 0 0 1 1
Shots
1 2 3 T
Drummondville Voltigeurs 4 9 4 17
Worcester Sharks 9 3 14 26

1st period

No Goal

Penalties :
Jean-Sebastien Dea (VOL) for Tripping (Minor) at 5:34

2nd period

1. Drummondville Voltigeurs , Nick Sorensen 19 (Kevin Rooney 22) at 4:03

Penalties :
Nick Sorensen (VOL) for Hooking (Minor) at 5:01

3rd period

2. Drummondville Voltigeurs , Derek Grant 26 (Phillip Di Guiseppe 52, Kevin Connauton 24) at 0:55
3. Drummondville Voltigeurs , Curtis McKenzie 27 (Alex Grant 38) at 1:21 (PP)
4. Worcester Sharks , John McCarthy 21 (Shea Theodore 42, Travis Boyd 34) at 3:32

Penalties :
Shea Theodore (SRK) for Tripping (Minor) at 0:58, Curtis McKenzie (VOL) for Hooking (Minor) at 4:57

Goalie Stats

Nick Ellis (VOL), 25 saves from 26 shots - (0,962), W, 24-16-4, 60:00 minutes
Casey DeSmith (SRK), 14 saves from 17 shots - (0,824), L, 29-13-3, 60:00 minutes

Players Stats for Drummondville Voltigeurs

Player Name              G  A  P  +/- PIM S  H  SB GA TA FO     MP     PP MP  PK MP  
------------------------------------------------------------------------------------
Ahti Oksanen             0  0  0   0  0   0  1  1  0  0  0/0    13:57   0:00   1:16 
Alex Grant               0  1  1   2  0   1  1  3  0  2  0/0    26:55   0:23   3:06 
Chris Thorburn           0  0  0   0  0   2  1  1  0  0  0/0    15:08   0:00   0:00 
Curtis McKenzie          1  0  1   1  2   1  1  2  0  0  4/5    20:14   0:23   2:10 
Derek Grant              1  0  1   1  0   2  0  3  1  0  10/22  23:07   0:23   3:03 
Jean-Sebastien Dea       0  0  0   0  2   0  1  0  0  0  0/1    11:42   0:00   0:18 
Julius Honka             0  0  0  -1  0   4  1  1  0  0  0/0    18:56   0:00   2:51 
Kevin Connauton          0  1  1   1  0   0  1  2  0  1  0/0    22:40   0:23   3:06 
Kevin Rooney             0  1  1   0  0   1  1  0  0  0  0/2    15:11   0:00   1:26 
Kevin Tansey             0  0  0   0  0   0  0  0  0  0  0/0    12:32   0:00   0:00 
Mark Olver               0  0  0   0  0   0  0  0  0  0  0/0     7:48   0:00   0:00 
Mike Downing             0  0  0   1  0   0  0  0  0  0  0/0     6:39   0:00   0:00 
Nick Sorensen            1  0  1   0  2   2  2  0  1  0  0/0    14:01   0:00   0:42 
Phillip Di Guiseppe      0  1  1   1  0   1  2  0  0  0  0/2    18:09   0:23   1:38 
Sam Henley               0  0  0   0  0   0  2  0  0  0  0/0    11:33   0:00   0:00 
Sergei Boikov            0  0  0  -1  0   1  0  0  0  2  0/0    18:56   0:00   2:51 
Tye McGinn               0  0  0   0  0   0  1  1  0  1  3/12   16:52   0:00   1:21 
Tyler Pitlick            0  0  0   0  0   2  0  0  1  0  1/1    15:11   0:00   0:00 

Players Stats for Worcester Sharks

Player Name              G  A  P  +/- PIM S  H  SB GA TA FO     MP     PP MP  PK MP  
------------------------------------------------------------------------------------
Andreas Johnsson         0  0  0   0  0   2  0  0  0  0  0/2    16:37   0:00   0:00 
Brett Kulak              0  0  0  -1  0   0  0  2  0  0  0/0    15:31   0:00   0:23 
Chad Ruhwedel            0  0  0   1  0   2  1  0  0  0  0/0    22:33   2:54   0:00 
Corban Knight            0  0  0   0  0   0  2  0  0  0  2/2     6:52   0:00   0:00 
Frank Corrado            0  0  0  -1  0   1  1  6  0  0  0/0    15:34   0:00   0:23 
Jim O'Brien              0  0  0   0  0   0  1  0  0  0  0/0     2:37   0:06   0:00 
John McCarthy            1  0  1   0  0   3  0  1  0  1  3/7    16:30   0:06   0:23 
Michael Raffl            0  0  0  -1  0   2  1  0  1  0  0/0    19:24   2:32   0:00 
Micheal Haley            0  0  0   0  0   1  5  1  0  0  0/2    14:55   0:06   0:00 
Mirco Mueller            0  0  0  -1  0   0  1  1  0  1  0/0    20:10   3:03   0:00 
Nikita Jevpalovs         0  0  0   0  0   0  0  0  0  0  0/0     2:05   0:00   0:00 
Remi Elie                0  0  0   0  0   0  0  1  2  0  0/0    19:39   3:19   0:23 
Shane Prince             0  0  0   0  0   3  1  1  1  0  10/17  20:08   3:19   0:00 
Shea Theodore            0  1  1   1  2   3  1  1  0  0  0/0    22:42   2:54   0:00 
T.J. Hensick             0  0  0  -1  0   2  0  0  1  0  2/2    19:53   2:32   0:00 
Teddy Purcell            0  0  0   0  0   1  3  0  1  1  0/0    19:17   3:19   0:00 
Travis Boyd              0  1  1  -1  0   5  1  0  0  0  10/13  19:53   2:32   0:00 
Tyson Strachan           0  0  0  -1  0   1  4  2  0  0  0/0    20:11   3:03   0:00 

3 Stars

1 - Nick Ellis (VOL)
2 - Derek Grant (VOL)
3 - Alex Grant (VOL)

Power Play

Drummondville Voltigeurs - 1 on 1 Attempt(s) - 100,00%
Worcester Sharks - 0 on 3 Attempt(s) - 0,00%

Penalty Kill

Drummondville Voltigeurs - 3 on 3 Attempt(s) - 100,00% - Score 0 goal in Penalty Kill
Worcester Sharks - 0 on 1 Attempt(s) - 0,00% - Score 0 goal in Penalty Kill

Team Stat

Drummondville Voltigeurs - Hits : 15 - Faceoff Wins : 18 - Blocked Shots : 14 - Penalty Minutes : 6
Worcester Sharks - Hits : 22 - Faceoff Wins : 27 - Blocked Shots : 16 - Penalty Minutes : 2

Official

Referees : Dave Lewis and Kevin Pollock
Linesman : Brad Kovachik and Kiel Murchison

Game Notes

No Game Note

Finance

Level 1 -- Attendance: 1518 (75,90%) -- Ticket Income 53 130 $
Level 2 -- Attendance: 827 (82,70%) -- Ticket Income 12 405 $
Total Attendance: 2345 (78,17%)
Total Ticket Income: 65 535 $
Other Income: 32 112 $
Total Income: 97 647 $

Drummondville Voltigeurs

5 vs 5 Forward 
   Center                   Left Wing                Right Wing               Time % Phy DF OF 
 1 Derek Grant              Curtis McKenzie          Phillip Di Guiseppe      40     1   2  2  
 2 Tye McGinn               Chris Thorburn           Tyler Pitlick            30     1   2  2  
 3 Kevin Rooney             Sam Henley               Nick Sorensen            20     1   2  2  
 4 Jean-Sebastien Dea       Mark Olver               Derek Grant              10     1   2  2  

5 vs 5 Defense 
   Defense                  Defense                                           Time % Phy DF OF 
 1 Alex Grant               Kevin Connauton                                   40     1   2  2  
 2 Julius Honka             Sergei Boikov                                     30     1   2  2  
 3 Kevin Tansey             Ahti Oksanen                                      20     1   2  2  
 4 Mike Downing             Alex Grant                                        10     1   2  2  

PowerPlay Forward 
   Center                   Left Wing                Right Wing               Time % Phy DF OF 
 1 Derek Grant              Curtis McKenzie          Phillip Di Guiseppe      60     1   2  2  
 2 Tye McGinn               Chris Thorburn           Tyler Pitlick            40     1   2  2  

PowerPlay Defense
   Defense                  Defense                                           Time % Phy DF OF 
 1 Alex Grant               Kevin Connauton                                   60     1   2  2  
 2 Julius Honka             Sergei Boikov                                     40     1   2  2  

Penalty Kill 4 Players Forward 
   Center                   Wing                     Time % Phy DF OF 
 1 Derek Grant              Curtis McKenzie          60     1   2  2  
 2 Phillip Di Guiseppe      Tye McGinn               40     1   2  2  

Penalty Kill 4 Players Defense
   Defense                  Defense                  Time % Phy DF OF 
 1 Alex Grant               Kevin Connauton          60     1   2  2  
 2 Julius Honka             Sergei Boikov            40     1   2  2  

Penalty Kill - 3 Players Forward 
   Forward                                           Time % Phy DF OF 
 1 Derek Grant                                       60     1   2  2  
 2 Curtis McKenzie                                   40     1   2  2  

Penalty Kill - 3 Players Defense
   Defense                  Defense                  Time % Phy DF OF 
 1 Alex Grant               Kevin Connauton          60     1   2  2  
 2 Julius Honka             Sergei Boikov            40     1   2  2  

4 vs 4 Forward 
   Center                   Wing                     Time % Phy DF OF 
 1 Derek Grant              Curtis McKenzie          60     1   2  2  
 2 Phillip Di Guiseppe      Tye McGinn               40     1   2  2  

4 vs 4 Defense
   Defense                  Defense                  Time % Phy DF OF 
 1 Alex Grant               Kevin Connauton          60     1   2  2  
 2 Julius Honka             Sergei Boikov            40     1   2  2  

Last Minutes Offensive
   Center                   Left Wing                Right Wing               Defense                  Defense                  
   Derek Grant              Curtis McKenzie          Phillip Di Guiseppe      Alex Grant               Kevin Connauton          

Last Minutes Defensive
   Center                   Left Wing                Right Wing               Defense                  Defense                  
   Derek Grant              Curtis McKenzie          Phillip Di Guiseppe      Alex Grant               Kevin Connauton          

Goaltenders
Starting : Nick Ellis               
Backup : Adam Wilcox              

Extra Forwards
Normal : Kevin Rooney, Jean-Sebastien Dea, Nick Sorensen - PP : Kevin Rooney, Jean-Sebastien Dea - PK : Nick Sorensen
Extra Defensemen
Normal : Kevin Tansey, Ahti Oksanen, Mike Downing - PP : Kevin Tansey - PK : Ahti Oksanen, Mike Downing
Penalty Shots
Derek Grant, Curtis McKenzie, Phillip Di Guiseppe, Tye McGinn, Chris Thorburn

Scratches
Seth Helgeson (Torn Right ACL Injury), Joe Cannata (Healthy)

Worcester Sharks

5 vs 5 Forward 
   Center                   Left Wing                Right Wing               Time % Phy DF OF 
 1 Shane Prince             Remi Elie                Teddy Purcell            36     0   1  4  
 2 Travis Boyd              Michael Raffl            T.J. Hensick             34     0   1  4  
 3 John McCarthy            Andreas Johnsson         Micheal Haley            25     0   1  4  
 4 Corban Knight            Andreas Johnsson         Shane Prince             5      0   2  3  

5 vs 5 Defense 
   Defense                  Defense                                           Time % Phy DF OF 
 1 Shea Theodore            Chad Ruhwedel                                     36     0   1  4  
 2 Tyson Strachan           Mirco Mueller                                     34     0   1  4  
 3 Brett Kulak              Frank Corrado                                     27     0   1  4  
 4 Frank Corrado            Brett Kulak                                       3      0   2  3  

PowerPlay Forward 
   Center                   Left Wing                Right Wing               Time % Phy DF OF 
 1 Shane Prince             Remi Elie                Teddy Purcell            55     0   0  5  
 2 Travis Boyd              Michael Raffl            T.J. Hensick             45     0   0  5  

PowerPlay Defense
   Defense                  Defense                                           Time % Phy DF OF 
 1 Shea Theodore            Chad Ruhwedel                                     55     0   0  5  
 2 Tyson Strachan           Mirco Mueller                                     45     0   0  5  

Penalty Kill 4 Players Forward 
   Center                   Wing                     Time % Phy DF OF 
 1 John McCarthy            Remi Elie                55     0   5  0  
 2 Corban Knight            Shane Prince             45     0   5  0  

Penalty Kill 4 Players Defense
   Defense                  Defense                  Time % Phy DF OF 
 1 Shea Theodore            Brett Kulak              55     0   5  0  
 2 Tyson Strachan           Frank Corrado            45     0   5  0  

Penalty Kill - 3 Players Forward 
   Forward                                           Time % Phy DF OF 
 1 Shane Prince                                      55     0   5  0  
 2 Remi Elie                                         45     0   5  0  

Penalty Kill - 3 Players Defense
   Defense                  Defense                  Time % Phy DF OF 
 1 Brett Kulak              Chad Ruhwedel            55     0   5  0  
 2 Tyson Strachan           Mirco Mueller            45     0   5  0  

4 vs 4 Forward 
   Center                   Wing                     Time % Phy DF OF 
 1 John McCarthy            Teddy Purcell            55     0   2  3  
 2 Jim O'Brien              Micheal Haley            45     0   2  3  

4 vs 4 Defense
   Defense                  Defense                  Time % Phy DF OF 
 1 Shea Theodore            Tyson Strachan           55     0   2  3  
 2 Tyson Strachan           Chad Ruhwedel            45     0   2  3  

Last Minutes Offensive
   Center                   Left Wing                Right Wing               Defense                  Defense                  
   Shane Prince             Remi Elie                Teddy Purcell            Shea Theodore            Chad Ruhwedel            

Last Minutes Defensive
   Center                   Left Wing                Right Wing               Defense                  Defense                  
   Shane Prince             Remi Elie                Teddy Purcell            Shea Theodore            Chad Ruhwedel            

Goaltenders
Starting : Casey DeSmith            
Backup : Eric Comrie              

Extra Forwards
Normal : John McCarthy, Teddy Purcell, Andreas Johnsson - PP : John McCarthy, Teddy Purcell - PK : Andreas Johnsson
Extra Defensemen
Normal : Brett Kulak, Frank Corrado, Shea Theodore - PP : Brett Kulak - PK : Frank Corrado, Shea Theodore
Penalty Shots
Shea Theodore, Michael Raffl, Teddy Purcell, John McCarthy, Andreas Johnsson

Scratches
Salaire Sharks (Healthy), Nelson Nogier (Healthy), Robin Kovacs (Healthy), Mitch Moroz (Healthy), Garret Ross (Healthy)
Reid Gardiner (Healthy), Kyle Platzer (Healthy), Reid McNeill (Healthy)

% Time on Ice - Drummondville Voltigeurs

Lines # - Real PCT - Wanted PCT - Time Play
Normal Forward
1 - 35% - 40% - 18:37
2 - 32% - 30% - 17:02
3 - 23% - 20% - 12:30
4 - 10% - 10% - 5:31
Normal Defense
1 - 36% - 40% - 19:33
2 - 32% - 30% - 17:16
3 - 23% - 20% - 12:06
4 - 9% - 10% - 4:45
PP Forward
1 - 100% - 60% - 0:23
2 - 0% - 40% - 0:00
PP Defense
1 - 100% - 60% - 0:23
2 - 0% - 40% - 0:00
PK Forward
1 - 77% - 60% - 4:36
2 - 23% - 40% - 1:21
PK Defense
1 - 52% - 60% - 3:06
2 - 48% - 40% - 2:51
PK3 Forward
1 - 0% - 60%
2 - 0% - 40%
PK3 Defense
1 - 0% - 60%
2 - 0% - 40%
44 Forward
1 - 0% - 60%
2 - 0% - 40%
44 Defense
1 - 0% - 60%
2 - 0% - 40%
Last Minute Offensive  - 0:00
Last Minute Defensive  - 0:00
Total
Forward - 60:00
Defense - 60:00

% Time on Ice - Worcester Sharks

Lines # - Real PCT - Wanted PCT - Time Play
Normal Forward
1 - 36% - 36% - 19:15
2 - 33% - 34% - 17:55
3 - 24% - 25% - 12:42
4 - 7% - 5% - 3:48
Normal Defense
1 - 37% - 36% - 19:41
2 - 35% - 34% - 18:45
3 - 27% - 27% - 14:31
4 - 1% - 3% - 0:43
PP Forward
1 - 57% - 55% - 3:25
2 - 43% - 45% - 2:32
PP Defense
1 - 49% - 55% - 2:54
2 - 51% - 45% - 3:03
PK Forward
1 - 100% - 55% - 0:23
2 - 0% - 45% - 0:00
PK Defense
1 - 100% - 55% - 0:23
2 - 0% - 45% - 0:00
PK3 Forward
1 - 0% - 55%
2 - 0% - 45%
PK3 Defense
1 - 0% - 55%
2 - 0% - 45%
44 Forward
1 - 0% - 55%
2 - 0% - 45%
44 Defense
1 - 0% - 55%
2 - 0% - 45%
Last Minute Offensive  - 0:00
Last Minute Defensive  - 0:00
Total
Forward - 60:00
Defense - 60:00

Play by Play

1st period


0:01 of 1st period - Shane Prince wins face-off versus Derek Grant in neutral zone.
0:26 of 1st period - Michael Raffl is hit by Alex Grant and loses puck.
1:08 of 1st period - Remi Elie is hit by Jean-Sebastien Dea and loses puck.
1:44 of 1st period - Slapshot by T.J. Hensick.
1:44 of 1st period - Deflect By Travis Boyd.
1:44 of 1st period - Shot Misses the Net.
1:44 of 1st period - Puck is out of play.
1:45 of 1st period - Curtis McKenzie wins face-off versus Travis Boyd in Drummondville Voltigeurs zone.
2:01 of 1st period - Icing by T.J. Hensick.
2:02 of 1st period - Travis Boyd wins face-off versus Kevin Rooney in Worcester Sharks zone.
2:50 of 1st period - Snap shot by Derek Grant.
2:50 of 1st period - Stopped by Casey DeSmith with a rebound.
3:20 of 1st period - Slapshot by Shane Prince.
3:20 of 1st period - Stopped by Nick Ellis with a rebound.
3:22 of 1st period - Slapshot by Andreas Johnsson.
3:22 of 1st period - Stopped by Nick Ellis with a rebound.
3:32 of 1st period - Snap shot by Tyler Pitlick.
3:32 of 1st period - Shot Blocked by Frank Corrado.
3:34 of 1st period - Wrist shot by Chris Thorburn.
3:34 of 1st period - Stopped by Casey DeSmith with a rebound.
3:36 of 1st period - Wrist shot by Tyler Pitlick.
3:36 of 1st period - Stopped by Casey DeSmith with a rebound.
3:53 of 1st period - Slapshot by Alex Grant.
3:53 of 1st period - Deflect By Frank Corrado.
3:53 of 1st period - Stopped by Casey DeSmith without a rebound.
3:54 of 1st period - Shane Prince wins face-off versus Jean-Sebastien Dea in Worcester Sharks zone.
4:07 of 1st period - Snap shot by Shea Theodore.
4:07 of 1st period - Stopped by Nick Ellis without a rebound.
4:08 of 1st period - John McCarthy wins face-off versus Tye McGinn in Drummondville Voltigeurs zone.
4:21 of 1st period - Snap shot by Micheal Haley.
4:21 of 1st period - Shot Blocked by Kevin Connauton.
4:23 of 1st period - Snap shot by Andreas Johnsson.
4:23 of 1st period - Shot Misses the Net.
5:13 of 1st period - Chad Ruhwedel is hit by Chris Thorburn and loses puck.
5:34 of 1st period - Minor Penalty to Jean-Sebastien Dea for Tripping.
5:35 of 1st period - Shane Prince wins face-off versus Derek Grant in Drummondville Voltigeurs zone.
5:45 of 1st period - Icing by Teddy Purcell.
5:46 of 1st period - Shane Prince wins face-off versus Curtis McKenzie in Worcester Sharks zone.
6:12 of 1st period - Wrist shot by Remi Elie.
6:12 of 1st period - Shot Misses the Net.
6:14 of 1st period - Snap shot by Shane Prince.
6:14 of 1st period - Shot Blocked by Derek Grant.
6:44 of 1st period - Backhand shot by Teddy Purcell.
6:44 of 1st period - Deflect By Shane Prince.
6:44 of 1st period - Stopped by Nick Ellis without a rebound.
6:45 of 1st period - Travis Boyd wins face-off versus Phillip Di Guiseppe in Drummondville Voltigeurs zone.
6:50 of 1st period - Snap shot by Michael Raffl.
6:50 of 1st period - Stopped by Nick Ellis with a rebound.
6:52 of 1st period - Slapshot by Shea Theodore.
6:52 of 1st period - Shot Blocked by Tye McGinn.
6:54 of 1st period - Wrist shot by Chad Ruhwedel.
6:54 of 1st period - Stopped by Nick Ellis without a rebound.
6:55 of 1st period - Travis Boyd wins face-off versus Phillip Di Guiseppe in Drummondville Voltigeurs zone.
7:00 of 1st period - Wrist shot by Travis Boyd.
7:00 of 1st period - Stopped by Nick Ellis with a rebound.
7:02 of 1st period - Slapshot by Travis Boyd.
7:02 of 1st period - Shot Misses the Net.
7:34 of 1st period - Penalty to Jean-Sebastien Dea is over, Jean-Sebastien Dea is back on ice.
8:22 of 1st period - Kevin Connauton is hit by Michael Raffl and loses puck.
10:46 of 1st period - Slapshot by T.J. Hensick.
10:46 of 1st period - Stopped by Nick Ellis with a rebound.
10:48 of 1st period - Snap shot by Shea Theodore.
10:48 of 1st period - Shot Blocked by Derek Grant.
10:50 of 1st period - Slapshot by Chad Ruhwedel.
10:50 of 1st period - Shot Blocked by Derek Grant.
10:52 of 1st period - Slapshot by Chad Ruhwedel.
10:52 of 1st period - Stopped by Nick Ellis without a rebound.
10:53 of 1st period - Shane Prince wins face-off versus Tye McGinn in Drummondville Voltigeurs zone.
11:00 of 1st period - Snap shot by Teddy Purcell.
11:00 of 1st period - Shot Blocked by Julius Honka.
11:06 of 1st period - Wrist shot by Tye McGinn.
11:06 of 1st period - Shot Misses the Net.
11:08 of 1st period - Snap shot by Chris Thorburn.
11:08 of 1st period - Shot Blocked by Mirco Mueller.
11:18 of 1st period - Kevin Rooney is hit by Micheal Haley and loses puck.
12:11 of 1st period - Remi Elie is hit by Sam Henley and loses puck.
12:52 of 1st period - Andreas Johnsson is hit by Ahti Oksanen and loses puck.
13:31 of 1st period - Remi Elie is hit by Phillip Di Guiseppe and loses puck.
16:53 of 1st period - Mike Downing is hit by Teddy Purcell and loses puck.
17:04 of 1st period - Chris Thorburn is hit by Tyson Strachan and loses puck.
Goals for this period are 0 for Drummondville Voltigeurs vs 0 for Worcester Sharks.
Shots for this period are 4 for Drummondville Voltigeurs vs 9 for Worcester Sharks.

2nd period


0:01 of 2nd period - Derek Grant wins face-off versus John McCarthy in neutral zone.
0:04 of 2nd period - Snap shot by Derek Grant.
0:04 of 2nd period - Shot Misses the Net.
0:28 of 2nd period - Snap shot by Derek Grant.
0:28 of 2nd period - Shot Misses the Net.
0:56 of 2nd period - Wrist shot by Teddy Purcell.
0:56 of 2nd period - Stopped by Nick Ellis with a rebound.
0:58 of 2nd period - Slapshot by Brett Kulak.
0:58 of 2nd period - Shot Misses the Net.
1:00 of 2nd period - Wrist shot by Remi Elie.
1:00 of 2nd period - Shot Misses the Net.
1:30 of 2nd period - Tye McGinn is hit by Chad Ruhwedel and loses puck.
2:04 of 2nd period - Backhand shot by Michael Raffl.
2:04 of 2nd period - Stopped by Nick Ellis with a rebound.
2:06 of 2nd period - Snap shot by T.J. Hensick.
2:06 of 2nd period - Shot Misses the Net.
3:20 of 2nd period - Wrist shot by Phillip Di Guiseppe.
3:20 of 2nd period - Deflect By Tye McGinn.
3:20 of 2nd period - Shot Misses the Net.
3:20 of 2nd period - Puck is out of play.
3:21 of 2nd period - Tyler Pitlick wins face-off versus Andreas Johnsson in Worcester Sharks zone.
3:43 of 2nd period - Snap shot by Tyler Pitlick.
3:43 of 2nd period - Shot Blocked by Frank Corrado.
3:45 of 2nd period - Snap shot by Derek Grant.
3:45 of 2nd period - Shot Misses the Net.
3:47 of 2nd period - Slapshot by Sergei Boikov.
3:47 of 2nd period - Stopped by Casey DeSmith with a rebound.
3:59 of 2nd period - Snap shot by Kevin Rooney.
3:59 of 2nd period - Shot Blocked by Frank Corrado.
4:01 of 2nd period - Slapshot by Kevin Rooney.
4:01 of 2nd period - Shot Misses the Net.
4:03 of 2nd period - Wrist shot by Nick Sorensen.
4:03 of 2nd period - Goal by Nick Sorensen - Drummondville Voltigeurs : 1 - Worcester Sharks : 0.
4:04 of 2nd period - Curtis McKenzie wins face-off versus Micheal Haley in neutral zone.
4:35 of 2nd period - Wrist shot by Tye McGinn.
4:35 of 2nd period - Shot Misses the Net.
5:01 of 2nd period - Minor Penalty to Nick Sorensen for Hooking.
5:02 of 2nd period - Derek Grant wins face-off versus Shane Prince in Drummondville Voltigeurs zone.
5:18 of 2nd period - Curtis McKenzie is hit by Tyson Strachan and loses puck.
5:29 of 2nd period - Derek Grant is hit by Mirco Mueller and loses puck.
6:52 of 2nd period - Snap shot by Tye McGinn.
6:52 of 2nd period - Shot Misses the Net.
7:01 of 2nd period - Penalty to Nick Sorensen is over, Nick Sorensen is back on ice.
7:04 of 2nd period - Nick Sorensen is hit by Micheal Haley and loses puck.
7:11 of 2nd period - Backhand shot by Julius Honka.
7:11 of 2nd period - Stopped by Casey DeSmith with a rebound.
7:13 of 2nd period - Slapshot by Julius Honka.
7:13 of 2nd period - Stopped by Casey DeSmith with a rebound.
7:19 of 2nd period - Slapshot by Nick Sorensen.
7:19 of 2nd period - Shot Misses the Net.
7:21 of 2nd period - Snap shot by Nick Sorensen.
7:21 of 2nd period - Stopped by Casey DeSmith with a rebound.
7:23 of 2nd period - Snap shot by Julius Honka.
7:23 of 2nd period - Shot Blocked by Micheal Haley.
7:25 of 2nd period - Slapshot by Julius Honka.
7:25 of 2nd period - Stopped by Casey DeSmith without a rebound.
7:26 of 2nd period - T.J. Hensick wins face-off versus Tye McGinn in Worcester Sharks zone.
7:51 of 2nd period - Sam Henley is hit by Micheal Haley and loses puck.
8:18 of 2nd period - Mark Olver is hit by Travis Boyd and loses puck.
11:15 of 2nd period - T.J. Hensick is hit by Nick Sorensen and loses puck.
11:52 of 2nd period - Frank Corrado is hit by Nick Sorensen and loses puck.
14:30 of 2nd period - Kevin Connauton is hit by Corban Knight and loses puck.
14:41 of 2nd period - Shea Theodore is hit by Kevin Rooney and loses puck.
14:49 of 2nd period - Icing by Shea Theodore.
14:50 of 2nd period - Corban Knight wins face-off versus Tye McGinn in Worcester Sharks zone.
14:53 of 2nd period - Snap shot by Tyler Pitlick.
14:53 of 2nd period - Stopped by Casey DeSmith with a rebound.
14:55 of 2nd period - Slapshot by Chris Thorburn.
14:55 of 2nd period - Stopped by Casey DeSmith without a rebound.
14:56 of 2nd period - John McCarthy wins face-off versus Tye McGinn in Worcester Sharks zone.
15:05 of 2nd period - Slapshot by Tyson Strachan.
15:05 of 2nd period - Shot Blocked by Chris Thorburn.
15:07 of 2nd period - Slapshot by John McCarthy.
15:07 of 2nd period - Stopped by Nick Ellis with a rebound.
15:42 of 2nd period - Nick Sorensen is hit by Teddy Purcell and loses puck.
16:43 of 2nd period - Kevin Connauton is hit by Teddy Purcell.
16:53 of 2nd period - Slapshot by Alex Grant.
16:53 of 2nd period - Shot Blocked by Brett Kulak.
16:55 of 2nd period - Slapshot by Kevin Connauton.
16:55 of 2nd period - Shot Misses the Net.
17:01 of 2nd period - Slapshot by Tye McGinn.
17:01 of 2nd period - Shot Misses the Net.
18:07 of 2nd period - Shea Theodore is hit by Curtis McKenzie and loses puck.
19:40 of 2nd period - Backhand shot by Julius Honka.
19:40 of 2nd period - Stopped by Casey DeSmith with a rebound.
19:42 of 2nd period - Slapshot by Kevin Rooney.
19:42 of 2nd period - Shot Blocked by Shea Theodore.
Goals for this period are 1 for Drummondville Voltigeurs vs 0 for Worcester Sharks.
Shots for this period are 9 for Drummondville Voltigeurs vs 3 for Worcester Sharks.

3rd period


0:01 of 3rd period - Derek Grant wins face-off versus Shane Prince in neutral zone.
0:08 of 3rd period - Slapshot by Phillip Di Guiseppe.
0:08 of 3rd period - Shot Misses the Net.
0:10 of 3rd period - Snap shot by Derek Grant.
0:10 of 3rd period - Shot Misses the Net.
0:12 of 3rd period - Wrist shot by Curtis McKenzie.
0:12 of 3rd period - Deflect By Phillip Di Guiseppe.
0:12 of 3rd period - Shot Misses the Net.
0:12 of 3rd period - Puck is out of play.
0:13 of 3rd period - Curtis McKenzie wins face-off versus Shane Prince in Worcester Sharks zone.
0:30 of 3rd period - Phillip Di Guiseppe is hit by Shane Prince and loses puck.
0:51 of 3rd period - Slapshot by Kevin Connauton.
0:51 of 3rd period - Shot Blocked by John McCarthy.
0:53 of 3rd period - Slapshot by Phillip Di Guiseppe.
0:53 of 3rd period - Shot Misses the Net.
0:55 of 3rd period - Wrist shot by Derek Grant.
0:55 of 3rd period - Goal by Derek Grant - Drummondville Voltigeurs : 2 - Worcester Sharks : 0.
0:56 of 3rd period - Travis Boyd wins face-off versus Tye McGinn in neutral zone.
0:58 of 3rd period - Minor Penalty to Shea Theodore for Tripping.
0:59 of 3rd period - Derek Grant wins face-off versus John McCarthy in Worcester Sharks zone.
1:09 of 3rd period - Snap shot by Phillip Di Guiseppe.
1:09 of 3rd period - Shot Blocked by Frank Corrado.
1:11 of 3rd period - Slapshot by Alex Grant.
1:11 of 3rd period - Deflect By Curtis McKenzie.
1:11 of 3rd period - Shot Blocked by Remi Elie.
1:11 of 3rd period - Puck is out of play.
1:12 of 3rd period - John McCarthy wins face-off versus Derek Grant in Worcester Sharks zone.
1:21 of 3rd period - Slapshot by Curtis McKenzie.
1:21 of 3rd period - Goal by Curtis McKenzie - Drummondville Voltigeurs : 3 - Worcester Sharks : 0.
1:22 of 3rd period - Shane Prince wins face-off versus Derek Grant in neutral zone.
1:27 of 3rd period - Wrist shot by Shane Prince.
1:27 of 3rd period - Shot Blocked by Curtis McKenzie.
1:29 of 3rd period - Snap shot by Chad Ruhwedel.
1:29 of 3rd period - Shot Blocked by Alex Grant.
1:31 of 3rd period - Snap shot by Remi Elie.
1:31 of 3rd period - Deflect By Teddy Purcell.
1:31 of 3rd period - Shot Misses the Net.
1:31 of 3rd period - Puck is out of play.
1:32 of 3rd period - Derek Grant wins face-off versus Shane Prince in Drummondville Voltigeurs zone.
1:58 of 3rd period - Icing by Kevin Connauton.
1:59 of 3rd period - Travis Boyd wins face-off versus Derek Grant in Drummondville Voltigeurs zone.
2:09 of 3rd period - Icing by Derek Grant.
2:10 of 3rd period - Derek Grant wins face-off versus Travis Boyd in Drummondville Voltigeurs zone.
2:10 of 3rd period - Derek Grant is hit by Frank Corrado.
2:17 of 3rd period - Icing by Phillip Di Guiseppe.
2:18 of 3rd period - T.J. Hensick wins face-off versus Derek Grant in Drummondville Voltigeurs zone.
2:21 of 3rd period - Wrist shot by Travis Boyd.
2:21 of 3rd period - Stopped by Nick Ellis without a rebound.
2:22 of 3rd period - Travis Boyd wins face-off versus Derek Grant in Drummondville Voltigeurs zone.
2:27 of 3rd period - Snap shot by T.J. Hensick.
2:27 of 3rd period - Stopped by Nick Ellis without a rebound.
2:28 of 3rd period - Derek Grant wins face-off versus Travis Boyd in Drummondville Voltigeurs zone.
2:33 of 3rd period - Travis Boyd is hit by Phillip Di Guiseppe and loses puck.
2:40 of 3rd period - Backhand shot by Tyson Strachan.
2:40 of 3rd period - Shot Misses the Net.
2:42 of 3rd period - Slapshot by Travis Boyd.
2:42 of 3rd period - Stopped by Nick Ellis without a rebound.
2:43 of 3rd period - Tye McGinn wins face-off versus Shane Prince in Drummondville Voltigeurs zone.
2:43 of 3rd period - Tye McGinn is hit by Shea Theodore.
3:32 of 3rd period - Slapshot by John McCarthy.
3:32 of 3rd period - Goal by John McCarthy - Drummondville Voltigeurs : 3 - Worcester Sharks : 1.
3:33 of 3rd period - Derek Grant wins face-off versus Shane Prince in neutral zone.
3:36 of 3rd period - Wrist shot by Phillip Di Guiseppe.
3:36 of 3rd period - Shot Blocked by Frank Corrado.
3:45 of 3rd period - Off-side.
3:46 of 3rd period - Derek Grant wins face-off versus John McCarthy in neutral zone.
3:49 of 3rd period - Slapshot by Phillip Di Guiseppe.
3:49 of 3rd period - Stopped by Casey DeSmith without a rebound.
3:50 of 3rd period - Derek Grant wins face-off versus Micheal Haley in Worcester Sharks zone.
3:57 of 3rd period - Wrist shot by Derek Grant.
3:57 of 3rd period - Shot Blocked by Tyson Strachan.
4:09 of 3rd period - Derek Grant is hit by Micheal Haley.
4:39 of 3rd period - Slapshot by Nick Sorensen.
4:39 of 3rd period - Shot Blocked by Brett Kulak.
4:41 of 3rd period - Wrist shot by Kevin Rooney.
4:41 of 3rd period - Stopped by Casey DeSmith without a rebound.
4:42 of 3rd period - Shane Prince wins face-off versus Kevin Rooney in Worcester Sharks zone.
4:46 of 3rd period - Off-side.
4:47 of 3rd period - Shane Prince wins face-off versus Derek Grant in neutral zone.
4:57 of 3rd period - Minor Penalty to Curtis McKenzie for Hooking.
4:58 of 3rd period - Shane Prince wins face-off versus Derek Grant in Drummondville Voltigeurs zone.
5:10 of 3rd period - Wrist shot by Shane Prince.
5:10 of 3rd period - Shot Blocked by Kevin Connauton.
6:57 of 3rd period - Penalty to Curtis McKenzie is over, Curtis McKenzie is back on ice.
6:57 of 3rd period - Julius Honka is hit by Jim O'Brien and loses puck.
7:04 of 3rd period - Wrist shot by John McCarthy.
7:04 of 3rd period - Stopped by Nick Ellis with a rebound.
7:06 of 3rd period - Slapshot by Frank Corrado.
7:06 of 3rd period - Stopped by Nick Ellis without a rebound.
7:07 of 3rd period - Tye McGinn wins face-off versus Andreas Johnsson in Drummondville Voltigeurs zone.
7:11 of 3rd period - Icing by Alex Grant.
7:12 of 3rd period - Tye McGinn wins face-off versus John McCarthy in Drummondville Voltigeurs zone.
7:25 of 3rd period - Snap shot by Micheal Haley.
7:25 of 3rd period - Stopped by Nick Ellis with a rebound.
7:27 of 3rd period - Snap shot by Tyson Strachan.
7:27 of 3rd period - Stopped by Nick Ellis without a rebound.
7:28 of 3rd period - Travis Boyd wins face-off versus Derek Grant in Drummondville Voltigeurs zone.
7:29 of 3rd period - Slapshot by Michael Raffl.
7:29 of 3rd period - Shot Misses the Net.
7:31 of 3rd period - Wrist shot by Chad Ruhwedel.
7:31 of 3rd period - Deflect By Travis Boyd.
7:31 of 3rd period - Stopped by Nick Ellis with a rebound.
7:33 of 3rd period - Wrist shot by T.J. Hensick.
7:33 of 3rd period - Shot Blocked by Curtis McKenzie.
7:35 of 3rd period - Slapshot by Shea Theodore.
7:35 of 3rd period - Stopped by Nick Ellis with a rebound.
7:37 of 3rd period - Slapshot by Chad Ruhwedel.
7:37 of 3rd period - Deflect By T.J. Hensick.
7:37 of 3rd period - Shot Misses the Net.
7:37 of 3rd period - Puck is out of play.
7:38 of 3rd period - Travis Boyd wins face-off versus Derek Grant in Drummondville Voltigeurs zone.
7:39 of 3rd period - Snap shot by T.J. Hensick.
7:39 of 3rd period - Shot Misses the Net.
7:41 of 3rd period - Slapshot by Shea Theodore.
7:41 of 3rd period - Deflect By Michael Raffl.
7:41 of 3rd period - Shot Misses the Net.
7:41 of 3rd period - Puck is out of play.
7:42 of 3rd period - Shane Prince wins face-off versus Derek Grant in Drummondville Voltigeurs zone.
8:55 of 3rd period - Snap shot by Mark Olver.
8:55 of 3rd period - Deflect By Teddy Purcell.
8:55 of 3rd period - Shot Blocked by Tyson Strachan.
8:55 of 3rd period - Puck is out of play.
8:56 of 3rd period - Travis Boyd wins face-off versus Tye McGinn in Worcester Sharks zone.
9:04 of 3rd period - Brett Kulak is hit by Julius Honka and loses puck.
9:28 of 3rd period - Micheal Haley is hit by Tye McGinn and loses puck.
9:47 of 3rd period - Slapshot by Shea Theodore.
9:47 of 3rd period - Shot Blocked by Ahti Oksanen.
9:49 of 3rd period - Slapshot by Chad Ruhwedel.
9:49 of 3rd period - Deflect By Teddy Purcell.
9:49 of 3rd period - Shot Misses the Net.
9:49 of 3rd period - Puck is out of play.
9:50 of 3rd period - Curtis McKenzie wins face-off versus Shane Prince in Drummondville Voltigeurs zone.
10:41 of 3rd period - Slapshot by Chad Ruhwedel.
10:41 of 3rd period - Shot Blocked by Alex Grant.
10:43 of 3rd period - Snap shot by Micheal Haley.
10:43 of 3rd period - Shot Blocked by Alex Grant.
10:45 of 3rd period - Slapshot by Andreas Johnsson.
10:45 of 3rd period - Shot Misses the Net.
10:47 of 3rd period - Slapshot by Shea Theodore.
10:47 of 3rd period - Stopped by Nick Ellis with a rebound.
11:21 of 3rd period - Snap shot by Andreas Johnsson.
11:21 of 3rd period - Stopped by Nick Ellis with a rebound.
11:29 of 3rd period - Tye McGinn is hit by Corban Knight and loses puck.
12:06 of 3rd period - Brett Kulak is hit by Sam Henley and loses puck.
12:31 of 3rd period - Wrist shot by Jean-Sebastien Dea.
12:31 of 3rd period - Shot Blocked by Shane Prince.
13:39 of 3rd period - Backhand shot by Julius Honka.
13:39 of 3rd period - Shot Blocked by Frank Corrado.
14:30 of 3rd period - Nick Sorensen is hit by Micheal Haley.
14:43 of 3rd period - Icing by Derek Grant.
14:44 of 3rd period - Corban Knight wins face-off versus Tye McGinn in Drummondville Voltigeurs zone.
14:45 of 3rd period - Snap shot by Micheal Haley.
14:45 of 3rd period - Shot Hit the Post.
15:15 of 3rd period - Tyler Pitlick is hit by Tyson Strachan and loses puck.
16:06 of 3rd period - Slapshot by Nick Sorensen.
16:06 of 3rd period - Shot Misses the Net.
16:21 of 3rd period - Icing by Tye McGinn.
16:22 of 3rd period - Travis Boyd wins face-off versus Tye McGinn in Drummondville Voltigeurs zone.
16:25 of 3rd period - Snap shot by Travis Boyd.
16:25 of 3rd period - Stopped by Nick Ellis with a rebound.
16:41 of 3rd period - Snap shot by Shane Prince.
16:41 of 3rd period - Stopped by Nick Ellis with a rebound.
17:15 of 3rd period - Tyler Pitlick is hit by Tyson Strachan.
18:49 of 3rd period - Chad Ruhwedel is hit by Kevin Connauton and loses puck.
Goals for this period are 2 for Drummondville Voltigeurs vs 1 for Worcester Sharks.
Shots for this period are 4 for Drummondville Voltigeurs vs 14 for Worcester Sharks.